 Dungeon Crawl Stone Soup version 0.20.1-1-g8b1a95d (webtiles) character file.

205 Monsterracer the Cudgeler (level 5, -1/45 HPs)
             Began as a Draconian Monk on July 7, 2017.
             Killed by nerve-wracking pain
             ... invoked by an orc priest
              (13 damage)
             ... on level 4 of the Dungeon.
             The game lasted 00:05:09 (3325 turns).

Monsterracer the Cudgeler (Draconian Monk)          Turns: 3325, Time: 00:05:10

Health: -1/45      AC:  6    Str: 13      XL:     5   Next: 53%
Magic:  5/5        EV: 13    Int:  9 (11) God:
Gold:   120        SH:  0    Dex: 12 (14) Spells: 4/4 levels left

rFire    . . .     SeeInvis .   a - +1 mace
rCold    . . .     Gourm    .   (no shield)
rNeg     . . .     Faith    .   (armour unavailable)
rPois    .         Spirit   .   (helmet restricted)
rElec    .         Reflect  .   (no cloak)
rCorr    .         Harm     .   (no gloves)
MR       .....                  f - +0 pair of boots
Stlth    ++........             (no amulet)
Regen    0.2/turn               (no ring)
MPRegen  0.1/turn               (no ring)

@: no status effects
A: unfitting armour, cold-blooded, AC +5
a: no special abilities


You were on level 4 of the Dungeon.
You were not hungry.

You visited 1 branch of the dungeon, and saw 4 of its levels.

You collected 120 gold pieces.

Inventory:

Hand Weapons
 a - a +1 mace (weapon)
Armour
 f - a +0 pair of boots (worn)
Scrolls
 c - 3 scrolls of identify
 e - 5 scrolls of remove curse {unknown}
 g - a scroll of blinking
 i - a scroll of magic mapping
Potions
 j - a potion of curing
 n - a potion of ambrosia
 o - a potion of heal wounds
Comestibles
 b - 3 bread rations
 d - 5 meat rations
 h - a royal jelly


   Skills:
 - Level 3.2 Fighting
 + Level 6.3 Maces & Flails
 - Level 2.6 Dodging
 - Level 1.7 Stealth


You had 4 spell levels left.
You didn't know any spells.

Dungeon Overview and Level Annotations

Branches:
Dungeon (4/15)
 Temple: D:4-7

Altars:
Xom


Innate Abilities, Weirdness & Mutations

Your plain brown scales are hard. (AC +5)
You cannot fit into any form of body armour.
You are cold-blooded and may be slowed by cold attacks.


Message History

The orc priest is severely wounded.
The orc priest closely misses you.
You closely miss the orc priest.
The orc priest is severely wounded.
The orc priest hits you.
* * * LOW HITPOINT WARNING * * *
Damage: -9%(-4hp) hp: 47%(21hp)
You hit the orc priest but do no damage.
Your tail-slap misses the orc priest.
The orc priest is severely wounded.
The orc priest misses you.
Unknown command.
You barely miss the orc priest.
The orc priest is severely wounded.
The orc priest mumbles some strange prayers to Beogh against you.
Pain shoots through your body!
* * * LOW HITPOINT WARNING * * *
The orc priest calls down the wrath of Beogh upon you.
Pain shoots through your body!
You die...

# #...#.#,###.........#.,****,* #
#...#,#,#.............,,,,,,,
#####...#,#,#.#..o......#,,****,*
....#...#,#.#.#.........#,,* *,*
........#.#.#.#.........#,,* *,*
###.##..#.#.......o.....#,,* *,*
###.....#.###.#.........#,,* *,*
....###.#.# #.#o#########,,* *,*
###.# #.#.# #.#)@.......(,,* *,*
# #.# #.#.# #.#.#########,** *,*
###.###.#.###.#.# *,* *,,
..............#.# *,******#
###.###.#.#####.# *,,,,,,,, # #.#
#.#.# #.# ********* # #.###.#.#
#.#**************## #
#.....#.#####..,,,,,,,,,,,,,,..
#######.#......##****************


You could see an orc priest.

Vanquished Creatures
  A quasit (D:4)
  An orc priest (D:4)
  8 adders
  3 worms
  2 dart slugs
  3 leopard geckos
  An orc (D:4)
  2 bats (D:1)
  6 giant cockroaches
  7 goblins
  6 hobgoblins
  3 jackals (D:3)
  5 kobolds
  2 quokkas (D:2)
  A ball python (D:3)
  A frilled lizard (D:3)
  5 rats
57 creatures vanquished.

Notes
Turn   | Place    | Note
-------+----------+-------------------------------------------
     0 | D:1      | Monsterracer the Draconian Monk began the quest for the Orb.
     0 | D:1      | Reached XP level 1. HP: 19/19 MP: 1/1
   129 | D:1      | Reached XP level 2. HP: 24/26 MP: 2/2
   378 | D:1      | Found a stormy altar of Qazlal.
   380 | D:1      | Found an iron altar of Okawaru.
   380 | D:1      | Found a shimmering altar of Xom.
   382 | D:1      | Found a basalt altar of Yredelemnul.
   382 | D:1      | Found a blossoming altar of Fedhas.
   382 | D:1      | Found a shimmering altar of Xom.
   507 | D:1      | Reached skill level 4 in Maces & Flails
   595 | D:1      | Reached XP level 3. HP: 10/31 MP: 3/3
  1850 | D:2      | Reached XP level 4. HP: 28/38 MP: 4/4
  2029 | D:2      | Reached skill level 5 in Maces & Flails
  2966 | D:4      | Reached XP level 5. HP: 29/45 MP: 5/5
  2982 | D:4      | Reached skill level 6 in Maces & Flails
  3325 | D:4      | Killed from afar by an orc priest

Skill      XL: |  1  2  3  4  5 |
---------------+----------------+-----
Maces & Flails | 4 5 6 |  6.3
Fighting       | |  3.2
Dodging        | |  2.6
Stealth        | |  1.7

Action                   |  1- 3 |  4- 6 || total
-------------------------+-------+-------++-------
Melee: Mace              |   146 |   111 ||   257
       Tailslap          |    14 |     9 ||    23
  Use: Potion            |     3 |     3 ||     6
       Scroll            |       |     9 ||     9
 Stab: Sleeping          |     1 |     5 ||     6
  Eat: Chunk             |     3 |     5 ||     8
Armor: Skin              |    42 |    48 ||    90
Dodge: Dodged            |   103 |   112 ||   215
